 Dungeon Crawl Stone Soup version 0.18-a0-1078-gebb93d0 (webtiles) character file.

862 ater218 the Slasher (level 7, -1/52 HPs)
             Began as a Vampire Fighter on Jan 14, 2016.
             Was a Follower of Yredelemnul.
             Slain by an ice beast (5 damage)
             ... on level 6 of the Dungeon.
             The game lasted 00:24:37 (4234 turns).

ater218 the Slasher (Vampire Fighter)               Turns: 4234, Time: 00:24:41

Health: -1/52      AC: 11    Str: 15    XL:     7   Next: 72%
Magic:  7/7        EV:  5    Int: 12    God:    Yredelemnul [*.....]
Gold:   262        SH:  9    Dex: 14    Spells: 0 memorised, 6 levels left

rFire  + . .     SeeInvis +     a - +0 long sword
rCold  + . .     Gourm    .     m - +0 chain mail
rNeg   . . .     Faith    .     f - +0 shield
rPois  +         Spirit   .     c - +0 helmet
rElec  +         Dismiss  .     g - +0 cloak
rCorr  +         Reflect  .     (no gloves)
SustAt .         Harm     +     (no boots)
MR     .....                    l - amulet of harm
Stlth  ..........               (no ring)
                                j - +4 ring of slaying

@: resistant, regenerating quickly, not resistant to hostile enchantments,
extremely unstealthy
A: fangs 3, see invisible, unbreathing
a: Animate Remains, Renounce Religion


You were on level 6 of the Dungeon.
You worshipped Yredelemnul.
Yredelemnul was aware of your devotion.
You were very full.

You visited 1 branch of the dungeon, and saw 6 of its levels.

You collected 262 gold pieces.

Inventory:

Hand Weapons
 a - a +0 long sword (weapon)
 s - a cursed -2 shortbow
Armour
 c - a +0 helmet (worn)
 f - a +0 shield (worn)
 g - a +0 cloak (worn)
 m - a +0 chain mail (worn)
Jewellery
 j - a +4 ring of slaying (left hand)
 l - an amulet of harm (around neck)
Scrolls
 b - 2 scrolls of remove curse
 h - 5 scrolls of teleportation
 i - a scroll of amnesia
 k - a scroll of recharging
 n - 3 scrolls of identify
 q - a scroll of fear
Potions
 d - 5 potions of might
 e - 11 potions of blood
 p - a potion of flight
Books
 r - a book of Unlife

   Spells                             Type                      Level
   a - Recall                         Summoning/Translocation      3
   b - Animate Dead                   Necromancy                   4
   c - Control Undead                 Necromancy                   4
   d - Cigotuvi's Embrace             Necromancy                   5
   e - Death Channel                  Necromancy                   6
   f - Simulacrum                     Ice/Necromancy               6


   Skills:
 + Level 3.6 Fighting
 * Level 5.7 Long Blades
 + Level 4.3 Armour
 + Level 2.4 Dodging
 + Level 0.4 Stealth
 + Level 4.2 Shields


You had 6 spell levels left.
You didn't know any spells.

Dungeon Overview and Level Annotations

Branches:
Dungeon (6/15)
 Temple: D:4-7

Altars:
Ashenzari
Cheibriados
Gozag
Makhleb
Qazlal
Yredelemnul
Zin


Innate Abilities, Weirdness & Mutations

Your natural rate of healing is unusually fast.
You have razor-sharp teeth.
You have supernaturally acute eyesight.
You can survive without breathing.


Message History

The ice beast hits you but does no damage.
You hit the ice beast.
The ice beast is heavily wounded.
The ice beast completely misses you.
You hit the ice beast.
The ice beast is severely wounded.
The ice beast hits you but does no damage. x2
You closely miss the ice beast.
The ice beast is severely wounded.
The ice beast barely misses you.
You hit the ice beast.
The ice beast is almost dead.
The ice beast hits you but does no damage.
You hit the ice beast but do no damage.
The ice beast is almost dead.
The ice beast hits you.
* * * LOW HITPOINT WARNING * * *
The ice beast freezes you. You resist.
You die...
Yredelemnul claims you as an undead slave.

#...
###..##
#.....#
#.....# #.
#!....##...
#........
#..Y..#
#..@..#
#.<...#
#.....#
#######


You could see an ice beast.

Vanquished Creatures
  Edmund (D:4)
  A sky beast (D:5)
  A centaur (D:5)
  A scorpion (D:4)
  A crimson imp (D:5)
  3 hounds
  A giant frog skeleton (D:4)
  An orc priest (D:5)
  2 orc wizards (D:4)
  An iguana (D:4)
  Jessica (D:3)
  2 worker ants (D:4)
  A gnoll (D:2)
  8 adders
  A shadow imp (D:5)
  2 oozes (D:3)
  2 worms
  3 giant geckos
  15 orcs
  5 bats
  4 giant cockroaches
  8 goblins
  7 hobgoblins
  2 jackals (D:3)
  A quokka (D:4)
  2 ball pythons
  2 giant newts
  9 kobolds
  A quokka skeleton (D:5)
  5 rats
  A plant (D:1)
95 creatures vanquished.

Vanquished Creatures (others)
  A giant newt (D:5)
1 creature vanquished.

Grand Total: 96 creatures vanquished

Notes
Turn   | Place    | Note
--------------------------------------------------------------
     0 | D:1      | ater218 the Vampire Fighter began the quest for the Orb.
     0 | D:1      | Reached XP level 1. HP: 17/17 MP: 1/1
   224 | D:1      | Reached XP level 2. HP: 20/23 MP: 2/2
   631 | D:1      | Reached skill level 3 in Shields
  1336 | D:2      | Reached XP level 3. HP: 28/28 MP: 3/3
  1543 | D:2      | Found an opulent altar of Gozag.
  1850 | D:2      | Reached XP level 4. HP: 27/35 MP: 4/4
  1857 | D:2      | Reached skill level 1 in Dodging
  1937 | D:2      | Reached XP level 5. HP: 37/41 MP: 5/5
  2055 | D:3      | Found a glowing silver altar of Zin.
  2055 | D:3      | Found a stormy altar of Qazlal.
  2189 | D:3      | Found a basalt altar of Yredelemnul.
  2189 | D:3      | Found a shattered altar of Ashenzari.
  2190 | D:3      | Found a snail-covered altar of Cheibriados.
  2195 | D:3      | Became a worshipper of Yredelemnul the Dark
  2213 | D:3      | Noticed Jessica
  2218 | D:3      | Killed Jessica
  2338 | D:3      | Found a burning altar of Makhleb.
  2344 | D:3      | Reached skill level 4 in Long Blades
  2660 | D:4      | Reached XP level 6. HP: 13/47 MP: 6/6
  2665 | D:4      | HP: 2/47 [poisoned by a worker ant]
  3341 | D:4      | Noticed Edmund
  3356 | D:4      | Killed Edmund
  3356 | D:4      | Reached * piety under Yredelemnul
  3356 | D:4      | Reached skill level 5 in Long Blades
  3356 | D:4      | Reached XP level 7. HP: 8/52 MP: 7/7
  3908 | D:5      | Entered Level 5 of the Dungeon
  4223 | D:5      | HP: 2/52 [centaur/arrow (7)]
  4234 | D:6      | Slain by an ice beast

Vault maps used:
D:1:      evilmike_arrival_rings, serial_bayou_lake_a
D:2:      nicolae_overflow_crystal_walls, first_bread, serial_bayou_ford_a,
          serial_bayou_pond_e, cheibrodos_gnoll_hut
D:3:      makhleb_heckhound_becter, minitemple, grunt_temple_overflow_open,
          minmay_statues_item, uniq_jessica
D:4:      dk_vineyard_2, st_stairs_10, corexii_corridor_pit, uniq_edmund
D:5:      lemuel_flamethrower_1

Action                   |  1- 3 |  4- 6 |  7- 9 || total
-------------------------+-------+-------+-------++-------
Melee: Long sword        |   132 |   141 |    35 ||   308
Invok: Animate Remains   |       |       |     1 ||     1
  Use: Scroll            |     7 |     1 |       ||     8
       Potion            |     1 |     2 |    11 ||    14
  Eat: Corpse            |     7 |       |       ||     7
